 Dungeon Crawl Stone Soup version 0.30.0-29-ga12c61a403 (webtiles) character file.

Game seed: 2467100216445325449

460 H0rd4k the Charlatan (level 7, -5/51 HPs)
             Began as a Human Artificer on June 15, 2023.
             Slain by a gnoll
             ... wielding a +0 club
              (8 damage)
             ... on level 5 of the Dungeon.
             The game lasted 00:03:42 (3703 turns).

H0rd4k the Charlatan (Human Artificer)              Turns: 3703, Time: 00:03:43

Health: -5/51      AC:  4    Str: 12    XL:     7   Next: 28%
Magic:  7/7        EV: 12    Int: 13    God:
Gold:   196        SH:  0    Dex: 14    Spells: 6/6 levels left

rFire   . . .        a - +0 club
rCold   . . .        (no shield)
rNeg    + . .        b - +0 leather armour
rPois   .            (no helmet)
rElec   .            e - +0 cloak of the Foremost Lives {rN+}
rCorr   .            (no gloves)
SInv    .            (no boots)
Will    .....        (no amulet)
Stlth   ++           (no ring)
HPRegen 0.28/turn    (no ring)
MPRegen 0.10/turn

%: no passive effects
@: no status effects
A: no striking features
a: no special abilities


You were on level 5 of the Dungeon.
You visited 1 branch of the dungeon, and saw 5 of its levels.

You collected 196 gold pieces.

Inventory:

Hand Weapons
 a - a +0 club (weapon)
 j - a +0 dagger of protection
Missiles
 o - 8 poisoned darts
Armour
 b - a +0 leather armour (worn)
 e - the +0 cloak of the Foremost Lives (worn) {rN+}
   (You found it on level 3 of the Dungeon)

   rN:        It protects you from negative energy.
Wands
 d - a wand of charming (10)
Scrolls
 f - 4 scrolls of identify {unknown}
 i - a scroll of magic mapping {unknown}
 l - a scroll of blinking {unknown}
 m - a scroll of vulnerability {unknown}
 n - 2 scrolls of silence {unknown}
Potions
 g - a potion of lignification {unknown}
 h - 3 potions of curing {unknown}
 k - a potion of mutation {unknown}


   Skills:
 + Level 2.7 Fighting
 + Level 3.2 Maces & Flails
 - Level 2.0 Armour
 + Level 3.1 Dodging
 + Level 2.8 Stealth
 * Level 0.2 Spellcasting
 + Level 4.7 Evocations


You had 6 spell levels left.
You didn't know any spells.
Your spell library contained the following spells:

 Spells                   Type           Power      Damage    Failure   Level
 Sublimation of Blood     Necr           0%         N/A       52%         2
 Wereblood                Tmut           0%         N/A       52%         2
 Dazzling Flash           Conj/Hex       0%         N/A       75%         3
 Inner Flame              Hex/Fire       0%         N/A       75%         3
 Summon Lightning Spire   Summ/Air       0%         N/A       98%         4
 Agony                    Necr           0%         N/A       100%        5
 Silence                  Hex/Air        0%         N/A       100%        5
 Monstrous Menagerie      Summ           0%         N/A       100%        7
 Summon Hydra             Summ           0%         N/A       100%        7


Dungeon Overview and Level Annotations

Branches:
Dungeon (5/15)
 Temple: D:4-7

Altars:
Elyvilon
Kikubaaqudgha
Sif Muna
Xom
Yredelemnul

Shops:
D:3 ?


Message History

The gnoll hits you with a +0 club.
The helpless ice beast fails to defend itself.
You hit the ice beast.
The ice beast is heavily wounded.
The gnoll hits you with a +0 club. x2
* * * LOW HITPOINT WARNING * * *
The helpless ice beast fails to defend itself.
You hit the ice beast.
The ice beast is severely wounded.
The gnoll hits you with a +0 club.
* * * LOW HITPOINT WARNING * * *
The helpless ice beast fails to defend itself.
You hit the ice beast but do no damage.
The ice beast is heavily wounded.
The gnoll hits you with a +0 club.
* * * LOW HITPOINT WARNING * * *
The helpless ice beast fails to defend itself.
You hit the ice beast but do no damage.
The ice beast is heavily wounded.
The gnoll completely misses you.
The helpless ice beast fails to defend itself.
You hit the ice beast but do no damage.
The ice beast is heavily wounded.
The gnoll hits you with a +0 club.
* * * LOW HITPOINT WARNING * * *
The helpless ice beast fails to defend itself.
You hit the ice beast but do no damage.
The ice beast is heavily wounded.
The gnoll closely misses you.
The helpless ice beast fails to defend itself.
You hit the ice beast but do no damage.
The ice beast is heavily wounded.
The gnoll misses you. The gnoll hits you with a +0 club.
* * * LOW HITPOINT WARNING * * *
The helpless ice beast fails to defend itself.
You hit the ice beast but do no damage.
The ice beast is heavily wounded.
The ice beast is no longer paralysed.
The ice beast closely misses you. The gnoll hits you with a +0 club!
You die...

#.....# #.....# .
#.....#######..
#.............
+.............
#.............
#......g......
#.....@Y......
###########..$........##
.........<.....########
...............#
.......).......#
...............#
...............#
...............#
...............#


You could see an ice beast and a gnoll.

Vanquished Creatures
  Grinder (D:3)
  Sigmund (D:3)
  4 adders (D:3)
  4 worms
  A dart slug (D:1)
  4 orcs
  11 ball pythons
  2 bats
  5 endoplasms
  3 giant cockroaches
  2 goblins
  4 hobgoblins
  9 kobolds
  A quokka (D:1)
  5 frilled lizards
  2 rats
59 creatures vanquished.

Vanquished Creatures (collateral kills)
  A hobgoblin (D:3)
1 creature vanquished.

Vanquished Creatures (others)
  Ijyb (D:3)
  An orc (D:4)
2 creatures vanquished.

Grand Total: 62 creatures vanquished

Notes
Turn   | Place    | Note
-------+----------+-------------------------------------------
     0 | D:1      | H0rd4k the Human Artificer began the quest for the Orb.
     0 | D:1      | Reached XP level 1. HP: 15/15 MP: 1/1
   273 | D:1      | Reached XP level 2. HP: 17/21 MP: 2/2
   557 | D:1      | Reached XP level 3. HP: 16/26 MP: 3/3
  1291 | D:2      | Found a basalt altar of Yredelemnul.
  1492 | D:2      | Got the Writings on the Called Wyrd
  1661 | D:2      | Found a faded altar of an unknown god.
  1685 | D:2      | Reached XP level 4. HP: 28/32 MP: 4/4
  1740 | D:2      | Reached skill level 1 in Maces & Flails
  2096 | D:3      | Noticed Sigmund
  2098 | D:3      | Noticed Grinder
  2108 | D:3      | Killed Sigmund
  2109 | D:3      | Reached skill level 4 in Evocations
  2109 | D:3      | Reached XP level 5. HP: 31/38 MP: 5/5
  2109 | D:3      | Reached XP level 6. HP: 36/44 MP: 6/6
  2142 | D:3      | Noticed Ijyb
  2145 | D:3      | Paralysed by Ijyb for 3 turns
  2159 | D:3      | Your ally Ijyb died
  2181 | D:3      | Killed Grinder
  2182 | D:3      | Reached XP level 7. HP: 11/51 MP: 7/7
  2932 | D:3      | Found a shimmering altar of Xom.
  3107 | D:3      | Found The Oracle's Delphic Readings.
  3184 | D:3      | Found a white marble altar of Elyvilon.
  3184 | D:3      | Found an ancient bone altar of Kikubaaqudgha.
  3184 | D:3      | Identified the +0 cloak of the Foremost Lives {rN+}
  3189 | D:3      | Found a shimmering blue altar of Sif Muna.
  3645 | D:5      | Entered Level 5 of the Dungeon
  3703 | D:5      | Slain by a gnoll

Illustrated notes

Levels and vault maps discovered:
D:1:      heliophobic_arrival_glass_houses, layout_basic,
          hangedman_decor_opposing, nrook_mini_vaults, minmay_fountain_box,
          serial_bayou_pond_d, chequers_serial_rivers_small_b,
          minmay_tetromino_t2
D:2:      layout_basic, basic_altar, shapermc_ecumenical_altar_notcrosses,
          nicolae_underground_beach
D:3:      layout_basic, nicolae_overflow_hidden_temple,
          nicolae_nh_oracle_at_delphi, uniq_grinder, uniq_sigmund, uniq_ijyb
D:4:      minmay_skewed_foursquare, layout_rooms,
          grunt_temple_overflow_forces_of_nature
D:5:      layout_gridville, mainiacjoe_overflow_swirl,
          nicolae_ossuary_entry_plus, uniq_pikel

Skill      XL: |  1  2  3  4  5  6 |
---------------+-------------------+-----
Maces & Flails | 2 3 |  3.2
Fighting       | 2 |  2.7
Dodging        | 2 3 |  3.1
Stealth        | 2 |  2.8
Evocations     | 4 |  4.7
Armour         | |  2.0
Spellcasting   | |  0.2

Action                     |  1- 3 |  4- 6 |  7- 9 || total
---------------------------+-------+-------+-------++-------
  Melee: Club              |   170 |    17 |   167 ||   354
         Punch             |     2 |       |     3 ||     5
  Evoke: Wand              |    13 |    11 |     7 ||    31
   Stab: Sleeping          |     3 |       |     1 ||     4
         Paralysed         |       |       |    17 ||    17
 Armour: Leather armour    |    48 |     4 |    35 ||    87
  Dodge: Dodged            |   128 |    20 |    97 ||   245
